 Dungeon Crawl Stone Soup version 0.31-b1-12-gca42e3d1b8 (webtiles) character file.

Game seed: 3442505488346934429

8958 Aldia the Grappler (level 11, -3/86 HPs)
             Began as a Merfolk Shapeshifter on Jan 14, 2024.
             Was a Priest of Okawaru.
             Slain by a swamp dragon (shapeshifter) (4 damage)
             ... on level 10 of the Dungeon.
             The game lasted 00:26:39 (10922 turns).

Aldia the Grappler (Merfolk Shapeshifter)          Turns: 10922, Time: 00:26:39

Health: -3/86      AC:  3    Str: 19    XL:     11   Next: 39%
Magic:  13/13      EV: 20    Int:  9    God:    Okawaru [***...]
Gold:   153        SH:  0    Dex: 14    Spells: 10/12 levels left

rFire   . .          .
                       - Unarmed
rCold   . . .        (shield currently unavailable)
rNeg    . . .        q - melded +2 robe {rC+}
rPois   .            (no helmet)
rElec   .            (no cloak)
rCorr   .            (no gloves)
SInv    +            k - +2 pair of boots
Will    .....        (no amulet)
Stlth   +            h - ring of wizardry
HPRegen 0.34/turn    j - ring of see invisible
MPRegen 0.13/turn

%: wizardry (x1)
@: lethally poisoned (-3 -> -19), flux-form, glowing
A: glow, contaminating, (nimble swimmer 2), mertail
a: Begin Untransformation, Renounce Religion, Heroism


You were on level 10 of the Dungeon.
You worshipped Okawaru.
Okawaru was most pleased with you.
You were something dangerously unstable.
You visited 2 branches of the dungeon, and saw 11 of its levels.

You collected 497 gold pieces.
You spent 344 gold pieces at shops.

Inventory:

Hand Weapons
 L - the +11 rapier "Caehel" {freeze, *Rage rPois Int+4 Dex+5}
   (You found it on level 9 of the Dungeon)

   Int+4:     It affects your intelligence (+4).
   Dex+5:     It affects your dexterity (+5).
   rPois:     It protects you from poison *Rage: It berserks you when you make
   melee attacks (+20% chance).
Armour
 a - a +0 animal skin
 k - a +2 pair of boots (worn)
 q - a +2 robe of cold resistance (melded)
 C - +0 swamp dragon scales
Jewellery
 h - a ring of wizardry (left hand)
 j - a ring of see invisible (right hand)
 E - a ring of fire
 H - a +6 ring of intelligence
Talismans
 c - a beast talisman
 d - a flux talisman (active)
Wands
 v - a wand of polymorph (6)
 B - a wand of iceblast (11)
 D - a wand of quicksilver (12)
 J - a wand of digging (1)
Scrolls
 b - 2 scrolls of revelation
 e - 3 scrolls of noise
 g - 4 scrolls of teleportation
 s - 2 scrolls of fog
 u - a scroll of immolation
 x - a scroll of silence {unknown}
 y - a scroll of blinking {unknown}
 A - 3 scrolls of amnesia
 F - a scroll of enchant weapon
 K - a scroll of enchant armour
 M - a scroll of poison
Potions
 f - a potion of attraction
 i - 4 potions of enlightenment
 l - 2 potions of mutation
 m - a potion of might {unknown}
 n - a potion of brilliance {unknown}
 o - 4 potions of curing
 p - a potion of invisibility {unknown}
 r - 2 potions of ambrosia
 t - a potion of cancellation
 w - a potion of resistance
 z - a potion of berserk rage
 G - a potion of lignification
 I - a potion of heal wounds


   Skills:
 + Level 8.2 Fighting
 + Level 9.2 Dodging
 * Level 13.0 Unarmed Combat
 - Level 1.0 Spellcasting
 - Level 4.0 Translocations
 - Level 3.3 Invocations
 - Level 8.0 Shapeshifting


You had 10 spell levels left.
You knew the following spells:

 Your Spells              Type           Power      Damage    Failure   Level
a - Blink                 Tloc           14%        N/A       4%          2

Your spell library contained the following spells:

 Spells                   Type           Power      Damage    Failure   Level
 Freeze                   Ice            0%         1d3       16%         1
 Magic Dart               Conj           0%         1d3       16%         1
 Necrotise                Necr           0%         1d4       16%         1
 Volatile Blastmotes      Fire/Tloc      8%         2d10      19%         3
 Dazzling Flash           Conj/Hex       0%         N/A       38%         3
 Frozen Ramparts          Ice            0%         1d1       38%         3
 Hailstorm                Conj/Ice       0%         3d5       38%         3
 Mephitic Cloud           Conj/Alch/Air  0%         N/A       38%         3
 Vampiric Draining        Necr           0%         2d6       38%         3
 Iskenderun's Mystic Bla  Conj/Tloc      4%         2d3       52%         4
 Fulminant Prism          Conj/Alch      0%         3d5       78%         4
 Curse of Agony           Necr           0%         N/A       98%         5
 Iskenderun's Battlesphe  Conj           0%         2d6       98%         5
 Silence                  Hex/Air        0%         N/A       98%         5
 Bombard                  Conj/Erth      0%         9d1       100%        6
 Call Imp                 Summ           Unusable   N/A       N/A         2
 Martyr's Knell           Necr/Summ      Unusable   N/A       N/A         4
 Spellforged Servitor     Conj/Summ      Unusable   N/A       N/A         7

Dungeon Overview and Level Annotations

Branches:
Dungeon (10/15)            Temple (1/1) D:7             Orc (0/2) D:9
   Lair: D:8-11

Altars:
Ashenzari
Cheibriados
Dithmenos
Elyvilon
Fedhas
Gozag
Hepliaklqana
Kikubaaqudgha
Makhleb
Nemelex Xobeh
Okawaru
Qazlal
Ru
Trog
Uskayaw
Vehumet
Wu Jian
Xom
Yredelemnul
Zin
The Shining One

Shops:
D:2 ?!?((   D:4 *

Annotations:
D:3 exclusion: statue


Innate Abilities, Weirdness & Mutations

You are something dangerously unstable.
You glow with magical radiation, making you easy to see and hit.
Foes you strike become dangerously contaminated with magical radiation.
You are incapable of wielding weapons or throwing items.
((You are very nimble when in or above water. (Stealth+, EV+, Speed+++)))
Your lower body shifts to a powerful aquatic tail in water.


Message History

You punch the swamp dragon!
The swamp dragon glows dangerously bright.
The swamp dragon is moderately wounded.
You feel very sick.
You punch the swamp dragon!
The swamp dragon shudders as magic cascades through it!!
The swamp dragon twists and deforms.
The swamp dragon is severely wounded.
You feel very sick. The swamp dragon closely misses you.
The swamp dragon claws you.
* * * LOW HITPOINT WARNING * * *
The swamp dragon barely misses you.
You hit the swamp dragon.
The swamp dragon begins to glow.
The swamp dragon is almost dead.
You feel sick. The swamp dragon misses you.
The swamp dragon completely misses you. The swamp dragon misses you.
You hit the swamp dragon.
The swamp dragon glows dangerously bright.
The swamp dragon is almost dead.
You feel sick.
The swamp dragon breathes poison at you.
The blast of poison engulfs you.
You are lethally poisoned!
* * * LOW HITPOINT WARNING * * *
You hear a shout! x2; You hear two shouts!
You feel better.
You are engulfed in poison gas.
You are poisoned.
* * * LOW HITPOINT WARNING * * *
x2 You feel very sick.
The swamp dragon bites you!
* * * LOW HITPOINT WARNING * * *
The swamp dragon closely misses you. The swamp dragon misses you.
You feel better.
You are engulfed in poison gas.
You are lethally poisoned!
* * * LOW HITPOINT WARNING * * *
x2 You feel very sick.
The swamp dragon completely misses you. The swamp dragon claws you.
* * * LOW HITPOINT WARNING * * *
The swamp dragon tramples you.
You die...

.##. ##.## #.#
#...# #.#
....#..# #.#
#._.# #.#
#....##.## #.#
#...# #.# ...#..#
#.# ##### #.#
..##.## ##..#..#
..##.○○##○# .
.....○§☼#○# ...
.....☼☼°#p##.....
########D.○○.....
........○○○○....
#.....#####..!..
###... ..... #..
.... #.. ... #.
... #.


You could see a swamp dragon (heavy contam, catching breath, misshapen).

Vanquished Creatures
  A two-headed ogre (D:9)
  Pikel (D:7)
  Maggie (D:6)
  A troll (D:10)
  Grinder (D:6)
  2 hornets
  Sigmund (D:4)
  2 wraiths (D:10)
  8 yaks (D:9)
  2 wyverns (D:10)
  A steam dragon (D:9)
  Duvessa (D:5)
  A water moccasin (D:8)
  2 ice beasts
  4 orc warriors
  2 sky beasts (D:6)
  4 ogres
  A black bear (D:4)
  2 centaurs
  4 phantoms
  3 scorpions
  4 bullfrogs
  A gnoll sergeant (D:9)
  14 wights
  Dowan (D:5)
  6 killer bees (D:9)
  2 howler monkeys (D:7)
  2 hounds
  A bombardier beetle (D:4)
  A gnoll bouda (D:7)
  11 orc priests
  3 jellies
  3 sleepcaps
  Natasha (thrice) (D:3)
  5 iguanas
  11 orc wizards
  A hound skeleton (D:3)
  7 adders
  14 gnolls
  A shadow imp (D:7)
  2 adder zombies (D:3)
  2 adder skeletons (D:3)
  2 ribbon worms
  39 orcs
  7 endoplasms
  2 giant cockroaches
  7 hobgoblins
  2 quokkas
  11 ball pythons
  A ball python zombie (D:3)
  2 bats
  5 frilled lizards
  7 goblins
  5 kobolds
  2 rats
232 creatures vanquished.

Vanquished Creatures (others)
  An orc wizard (D:10)
1 creature vanquished.

Grand Total: 233 creatures vanquished

Notes
Turn   | Place    | Note
-------+----------+-------------------------------------------
     0 | D:1      | Aldia the Merfolk Shapeshifter began the quest for the Orb.
     0 | D:1      | Reached XP level 1. HP: 15/15 MP: 1/1
   172 | D:1      | Reached XP level 2. HP: 21/21 MP: 2/2
   417 | D:1      | You fall into a shaft and drop 1 floor!
   437 | D:2      | Found Icot's Antique Weapon Shoppe.
   517 | D:2      | Found Ytoil's Magic Scroll Boutique.
   521 | D:2      | Bought a scroll of teleportation for 33 gold pieces
   820 | D:2      | Found Onlomene's Magic Scroll Emporium.
   832 | D:2      | Bought a scroll of noise for 14 gold pieces
   847 | D:2      | Reached XP level 3. HP: 25/26 MP: 3/3
   899 | D:2      | Found Qiaz's Distillery.
  1080 | D:2      | Reached skill level 4 in Unarmed Combat
  1212 | D:2      | Found Voc Fani's Weapon Shoppe.
  1319 | D:2      | Reached XP level 4. HP: 33/33 MP: 4/4
  1622 | D:3      | Noticed an ogre
  1629 | D:3      | Killed an ogre
  1630 | D:3      | Reached XP level 5. HP: 39/39 MP: 5/5
  1688 | D:3      | Found the +3 giant club "Skullcrusher" {speed, Str+7}
  1731 | D:3      | Reached skill level 5 in Unarmed Combat
  1908 | D:3      | Found a radiant altar of Vehumet.
  1908 | D:3      | Noticed a frost-covered statue
  1924 | D:3      | Reached skill level 5 in Shapeshifting
  1924 | D:3      | Reached XP level 6. HP: 40/46 MP: 6/6
  2026 | D:3      | Found a stormy altar of Qazlal.
  2109 | D:3      | Noticed Natasha
  2117 | D:3      | Killed Natasha
  2150 | D:3      | Found a basalt altar of Yredelemnul.
  2155 | D:3      | Noticed Natasha
  2163 | D:3      | Killed Natasha
  2310 | D:3      | Found a snail-covered altar of Cheibriados.
  2355 | D:3      | Noticed Natasha
  2360 | D:3      | Killed Natasha
  2389 | D:3      | Identified the +7 dagger of Blood-Lust {pain, rF+}
  2507 | D:4      | Noticed a black bear
  2573 | D:2      | Bought a potion of curing for 39 gold pieces
  2594 | D:2      | Bought a scroll of fog for 44 gold pieces
  2642 | D:4      | Reached XP level 7. HP: 50/52 MP: 7/7
  2759 | D:4      | Reached skill level 5 in Dodging
  2759 | D:4      | Reached skill level 6 in Unarmed Combat
  3175 | D:4      | Found Sicsedd's CLEARANCE SALE!.
  3175 | D:4      | Noticed Sigmund
  3469 | D:4      | Killed Sigmund
  3470 | D:4      | Reached skill level 7 in Unarmed Combat
  3470 | D:4      | Reached XP level 8. HP: 39/61 MP: 8/8
  3998 | D:4      | Bought a scroll of immolation for 20 gold pieces
  4305 | D:5      | Entered Level 5 of the Dungeon
  4609 | D:5      | Learned a level 2 spell: Blink
  4625 | D:5      | Noticed Duvessa
  4625 | D:5      | Noticed Dowan
  4635 | D:5      | Killed Duvessa
  4636 | D:5      | Reached skill level 5 in Fighting
  4641 | D:5      | Killed Dowan
  4740 | D:5      | Reached skill level 8 in Unarmed Combat
  5721 | D:6      | Reached XP level 9. HP: 68/68 MP: 9/9
  5731 | D:6      | Found an ornate altar of the Wu Jian Council.
  5770 | D:6      | Reached skill level 1 in Translocations
  5876 | D:6      | Reached skill level 9 in Unarmed Combat
  5939 | D:6      | Noticed Grinder
  5959 | D:6      | Killed Grinder
  6156 | D:7      | Found a staircase to the Ecumenical Temple.
  6171 | Temple   | Entered the Ecumenical Temple
  6199 | Temple   | Became a worshipper of Warmaster Okawaru
  6459 | D:7      | Reached skill level 1 in Invocations
  6607 | D:2      | Bought a scroll of enchant armour for 82 gold pieces
  6711 | D:6      | Reached skill level 10 in Unarmed Combat
  7263 | D:7      | Noticed Pikel
  7279 | D:7      | Killed Pikel
  7280 | D:7      | Reached XP level 10. HP: 65/76 MP: 11/11
  7621 | D:8      | Reached * piety under Okawaru
  7720 | D:8      | Found a burning altar of Makhleb.
  7792 | D:8      | Reached skill level 1 in Spellcasting
  7883 | D:8      | Reached skill level 11 in Unarmed Combat
  8046 | D:8      | Found a sparkling altar of Nemelex Xobeh.
  8241 | D:8      | Found an opulent altar of Gozag.
  8285 | D:8      | Found a glowing silver altar of Zin.
  8428 | D:6      | Noticed Maggie
  8441 | D:6      | Killed Maggie
  8547 | D:2      | Bought a scroll of identify for 28 gold pieces
  8547 | D:2      | Bought a scroll of identify for 28 gold pieces
  8547 | D:2      | Bought a scroll of poison for 56 gold pieces
  8737 | D:9      | Identified the +11 rapier "Caehel" {freeze, *Rage rPois
                  | Int+4 Dex+5}
  8815 | D:9      | Reached ** piety under Okawaru
  9000 | D:9      | Paralysed by a hornet for 2 turns
  9258 | D:9      | Found a staircase to the Orcish Mines.
  9285 | D:9      | Reached skill level 12 in Unarmed Combat
  9554 | D:9      | Noticed a two-headed ogre
  9569 | D:9      | Killed a two-headed ogre
  9569 | D:9      | Reached *** piety under Okawaru
  9570 | D:9      | Reached XP level 11. HP: 56/85 MP: 11/13
 10232 | D:10     | Entered Level 10 of the Dungeon
 10807 | D:10     | Found a hazy altar of Hepliaklqana.
 10826 | D:10     | Found a blossoming altar of Fedhas.
 10904 | D:10     | Noticed a swamp dragon
 10914 | D:10     | Reached skill level 13 in Unarmed Combat
 10921 | D:10     | HP: 1/86 [swamp dragon (shapeshifter) (9)]
 10922 | D:10     | Slain by a swamp dragon (shapeshifter)

Illustrated notes

Levels and vault maps discovered:
D:1:      dpeg_arrival_castle, layout_loops_ring, corner_web_ring
D:2:      layout_basic, serial_shops, nicolae_shop_back_alley_shop, shop, shop,
          nicolae_shop_stone, shop, minmay_3d_cube
D:3:      layout_rooms, mainiacjoe_overflow_boulevard, lemuel_doored_altar,
          cheibriados_altar_1, vehumet_statue, dilly_guarded_unrand_morg
D:4:      layout_layer_cave, glass_columns_b, nicolae_shop_clearance,
          uniq_sigmund
D:5:      layout_basic, uniq_duvessa
D:6:      layout_loops_ring, mainiacjoe_overflow_small_starburst, corexii_shack,
          uniq_maggie, uniq_grinder
D:7:      layout_rooms, minmay_temple_entry_large_hall, uniq_pikel
D:8:      layout_basic, pdpol_temple_overflow_zin_treasury_gozag_greed,
          nemelex_diamond_rough_becter,
          mainiacjoe_overflow_concentric_impassable
D:9:      layout_roguey, minmay_orc_entry_temple_small
D:10:     minmay_the_grid_triangle_9x9_rhombus_thin_mashed
          [minmay_the_grid_triangle_9x9_swiss_cheese,
          minmay_the_grid_triangle_9x9_prize_center,
          minmay_the_grid_triangle_9x9_pentomino_pain,
          minmay_the_grid_triangle_9x9_cache], layout_long_grid,
          mainiacjoe_overflow_big_doors, hellmonk_sif_muna_bookshelves,
          lair_entry_dummy
Temple:   chequers_temple_sunken

Skill      XL: |  1  2  3  4  5  6  7  8  9 10 11 |
---------------+----------------------------------+-----
Dodging        | 3 4 6 7 8 9 |  9.2
Unarmed Combat | 4 5 7 8 10 12 13 | 13.0
Fighting       | 2 3 4 5 6 7 8 |  8.2
Shapeshifting  | 5 6 7 8 |  8.0
Translocations | 3 4 |  4.0
Invocations    | 2 3 |  3.3
Spellcasting   | 1 |  1.0

Action                     |  1- 3 |  4- 6 |  7- 9 | 10-12 || total
---------------------------+-------+-------+-------+-------++-------
  Melee: Unarmed           |    79 |    94 |   353 |   305 ||   831
         Punch             |     4 |     4 |     4 |       ||    12
 Invoke: Heroism           |       |       |       |     3 ||     3
Ability: Begin Untransform |       |       |       |     1 ||     1
    Use: Scroll            |     2 |     3 |     8 |     7 ||    20
         Potion            |       |     1 |     3 |     3 ||     7
   Stab: Sleeping          |     3 |     1 |       |       ||     4
 Armour: Animal skin       |    31 |    32 |    53 |       ||   116
         Skin              |       |     3 |    86 |    97 ||   186
  Dodge: Dodged            |    40 |    44 |   219 |   278 ||   581
   Form: Flux              |       |       |     1 |     1 ||     2
